 Dungeon Crawl Stone Soup version 0.31.0-11-ge490571c62 (webtiles) character file.

Game seed: 12290153266923149021

476 Arctor the Magician (level 6, -3/32 HPs)
             Began as a Deep Elf Fire Elementalist on Feb 8, 2024.
             Incinerated by a bombardier beetle (6 damage)
             ... with a burning spray
             ... on level 5 of the Dungeon.
             The game lasted 00:05:21 (5032 turns).

Arctor the Magician (Deep Elf Fire Elementalist)    Turns: 5032, Time: 00:05:21

Health: -3/32      AC:  7    Str:  5    XL:     6   Next: 84%
Magic:  1/15       EV: 14    Int: 22    God:
Gold:   236        SH:  0    Dex: 15    Spells: 5/15 levels left

rFire   . . .        g - +9 club
rCold   . . .        (no shield)
rNeg    . . .        a - +0 robe
rPois   .            f - +2 helmet
rElec   .            (no cloak)
rCorr   .            m - +1 pair of gloves
SInv    .            (no boots)
Will    .....        (no amulet)
Stlth   +            j - ring of flight
HPRegen 0.25/turn    (no ring)
MPRegen 0.14/turn

%: no passive effects
@: on fire, flying, glowing
A: no striking features
a: no special abilities


You were on level 5 of the Dungeon.
You visited 1 branch of the dungeon, and saw 5 of its levels.

You collected 236 gold pieces.

Inventory:

Hand Weapons
 g - a +9 club (weapon)
Armour
 a - a +0 robe (worn)
 f - a +2 helmet (worn)
 m - a +1 pair of gloves (worn)
Magical Staves
 e - a staff of air
Jewellery
 j - a ring of flight (left hand)
Scrolls
 c - 2 scrolls of identify
 d - 3 scrolls of enchant weapon
 i - 2 scrolls of teleportation
 k - a scroll of summoning
Potions
 b - a potion of magic
 h - a potion of curing


   Skills:
 + Level 4.5 Dodging
 + Level 4.7 Stealth
 + Level 5.1 Spellcasting
 + Level 3.5 Conjurations
 + Level 4.8 Fire Magic


You had 5 spell levels left.
You knew the following spells:

 Your Spells              Type           Power      Damage    Failure   Level
a - Foxfire               Conj/Fire      92%        2x1d8     1%          1
b - Scorch                Fire           52%        2d7       1%          2
c - Flame Wave            Conj/Fire      23%        2d8       19%         4
d - Volatile Blastmotes   Fire/Tloc      32%        2d12      11%         3

Your spell library contained the following spells:

 Spells                   Type           Power      Damage    Failure   Level
 Inner Flame              Hex/Fire       16%        N/A       11%         3
 Lesser Beckoning         Tloc           10%        N/A       16%         2
 Gell's Gravitas          Tloc           5%         N/A       30%         3
 Teleport Other           Tloc           5%         N/A       30%         3


Dungeon Overview and Level Annotations

Branches:
Dungeon (5/15)
 Temple: D:4-7

Altars:
Elyvilon
Ru
Vehumet
Yredelemnul

Shops:
D:2 *   D:4 ![(


Message History

You kill the orc!
The foxfire hits the quokka but does no damage.
The quokka is severely wounded.
The quokka completely misses you.
You sock the bombardier beetle!
The bombardier beetle is moderately wounded.
The quokka completely misses you. The quokka barely misses you.
Casting: Foxfire (safe; 1% risk of failure)
Confirm with . or Enter, or press ? or * to list all spells.
You conjure some foxfire!
The quokka bites you but does no damage.
The foxfire hits the bombardier beetle.
The bombardier beetle is moderately wounded.
You sock the bombardier beetle!
The bombardier beetle is heavily wounded.
The foxfire hits the bombardier beetle but does no damage.
The bombardier beetle is moderately wounded.
The quokka bites you but does no damage.
The quokka completely misses you.
You thump the quokka!
You kill the quokka!
The bombardier beetle bites you.
The bombardier beetle sprays incendiary fluid at you.
The burning spray hits you.
You are covered in liquid fire!
You shake off some of the fire as you move.
The liquid fire burns you!
* * * LOW HITPOINT WARNING * * *
The bombardier beetle attacks as it pursues you!
The bombardier beetle bites you but does no damage.
Found a cyan potion.
You shake off some of the fire as you move.
The liquid fire burns you!
* * * LOW HITPOINT WARNING * * *
The bombardier beetle sprays incendiary fluid at you.
The burning spray hits you.
You are even more covered in liquid fire!
You shake off some of the fire as you move.
The liquid fire burns you!
You die...

...######
........#
........#
.!....>.#
........#
......#
#..$# #..@#
..).. #...#
..... #...#
......
#.BB# ....$
#.)†#
#..B####)#
##......).#
#.......†.#
#.....<>..#


You could see 2 bombardier beetles.

Vanquished Creatures
  A black bear (D:4)
  An iguana (D:4)
  3 orc wizards
  A hound zombie (D:3)
  Robin (D:2)
  6 gnolls
  9 adders
  An adder zombie (D:3)
  3 dart slugs
  10 orcs
  9 endoplasms
  5 giant cockroaches (D:1)
  12 goblins
  12 hobgoblins
  6 jackals (D:1)
  7 kobolds
  4 quokkas
  10 ball pythons
  9 bats
  3 frilled lizards
  A giant cockroach zombie (D:3)
  A quokka zombie (D:3)
  7 rats
122 creatures vanquished.

Vanquished Creatures (others)
  589 foxfires
589 creatures vanquished.

Grand Total: 711 creatures vanquished

Notes
Turn   | Place    | Note
-------+----------+-------------------------------------------
     0 | D:1      | Arctor the Deep Elf Fire Elementalist began the quest for
                  | the Orb.
     0 | D:1      | Reached XP level 1. HP: 10/10 MP: 6/6
   246 | D:1      | Reached XP level 2. HP: 15/15 MP: 2/8
  1057 | D:1      | Reached XP level 3. HP: 19/19 MP: 5/9
  1304 | D:1      | Learned a level 2 spell: Scorch
  1728 | D:2      | Noticed Robin
  1822 | D:2      | Reached XP level 4. HP: 7/24 MP: 6/11
  1823 | D:2      | Killed Robin
  2339 | D:2      | Found Huapp's General Store.
  2700 | D:2      | Reached skill level 4 in Spellcasting
  2708 | D:2      | Reached XP level 5. HP: 28/28 MP: 1/13
  3358 | D:3      | Learned a level 4 spell: Flame Wave
  3611 | D:3      | Found a faded altar of an unknown god.
  3696 | D:3      | Found a sacrificial altar of Ru.
  3858 | D:3      | Learned a level 3 spell: Volatile Blastmotes
  4281 | D:3      | Found a basalt altar of Yredelemnul.
  4372 | D:4      | Found Nessemmurio's Distillery.
  4470 | D:4      | Noticed a black bear
  4476 | D:4      | Killed a black bear
  4477 | D:4      | Reached XP level 6. HP: 32/32 MP: 7/15
  4530 | D:4      | Found a white marble altar of Elyvilon.
  4613 | D:4      | Found a radiant altar of Vehumet.
  4740 | D:4      | Found Beotsoucwi's Antique Weapon Shop.
  4895 | D:4      | Found Zehounat's Armour Boutique.
  4980 | D:5      | Entered Level 5 of the Dungeon
  4998 | D:5      | Reached skill level 5 in Spellcasting
  5032 | D:5      | Incinerated by a bombardier beetle

Illustrated notes

Levels and vault maps discovered:
D:1:      psy_arrival_statuary, layout_loops_ring, minmay_worlds_worst_comb
D:2:      layout_rooms, serial_shops, shop_fountains, minmay_pentomino_u4,
          uniq_robin
D:3:      layout_loops_cross, nicolae_yredelemnul_corpse_copse,
          nicolae_ru_awakened_eye, chequers_ecumenical_altar_simple_redux,
          fountainhead
D:4:      layout_loops_ring, lemuel_crystal_altar, old_standard_altar,
          elyvilon_altar_3, serial_shops, nicolae_shop_hallway_stairs, shop,
          nicolae_shop_industrial_runoff, cheibrodos_sewer_entry_drain
D:5:      layout_gridville, minmay_temple_entry_mist

Skill      XL: |  1  2  3  4  5  6 |
---------------+-------------------+-----
Stealth        | 3 4 |  4.7
Dodging        | 3 4 |  4.5
Conjurations   | 2 3 |  3.5
Fire Magic     | 4 |  4.8
Spellcasting   | 4 5 |  5.1

Action                     |  1- 3 |  4- 6 || total
---------------------------+-------+-------++-------
  Melee: Spear             |    20 |       ||    20
         Punch             |     1 |       ||     1
         Club              |       |    23 ||    23
   Cast: Foxfire           |   129 |   240 ||   369
         Scorch            |     1 |    13 ||    14
    Use: Scroll            |       |     5 ||     5
         Potion            |       |     2 ||     2
   Stab: Sleeping          |       |     1 ||     1
 Armour: Robe              |    36 |    49 ||    85
  Dodge: Dodged            |    49 |    58 ||   107
